 Dungeon Crawl Stone Soup version 0.17.0-56-gd8de76c (webtiles) character file.

27073 tinybubbles the Cleaver (level 13, 0/98 HPs)
             Began as a Demonspawn Fighter on Dec 5, 2015.
             Was the Champion of Kikubaaqudgha.
             Killed from afar by a deep elf conjurer (15 damage)
             ... with a bolt of cold
             ... on level 1 of the Elven Halls.
             The game lasted 01:08:25 (17104 turns).

tinybubbles the Cleaver (Demonspawn Fighter)       Turns: 17104, Time: 01:08:25

Health: 0/98       AC: 16    Str: 19    XL:     13   Next: 2%
Magic:  20/20      EV: 21    Int: 11    God:    Kikubaaqudgha [******]
Gold:   1444       SH: 12    Dex: 24    Spells: 6 memorised, 6 levels left

rFire  + . .     SeeInvis .     v - +10 broad axe of Slime {flame, rElec}
rCold  + . .     Clarity  .     V - +4 leather armour "Koseuj Hipsu" {MR+ Str+3 Dex+3}
rNeg   + . .     SustAt   .     c - +0 shield
rPois  .         Gourm    .     A - +0 helmet
rElec  +         Spirit   .     Q - +0 cloak {rC+}
rCorr  .         Warding  .     U - +0 pair of gloves
rMut   .         Rnd*Tele +     (boots unavailable)
MR     +....                    (no amulet)
Stlth  ++........               J - ring of positive energy
                                g - +3 ring of evasion

@: drained, somewhat resistant to hostile enchantments, unstealthy
A: talons 3, iridescent scales 2, agile 1, clever 1, deformed body, demonic
guardian 2, fire resistance 1, screaming 1, teleportitis 2, MP-powered wands
a: Receive Corpses, Torment, Brand Weapon With Pain, Receive Necronomicon,
Renounce Religion


You were on level 1 of the Elven Halls.
You worshipped Kikubaaqudgha.
Kikubaaqudgha was exalted by your worship.
You were not hungry.

You visited 4 branches of the dungeon, and saw 18 of its levels.
You also visited: Sewer, Ossuary, Bailey and Ice Cave.

You collected 2010 gold pieces.
You spent 566 gold pieces at shops.

Inventory:

Hand Weapons
 h - a +0 blowgun
 t - a +3 war axe of distortion
 v - the +10 broad axe of Slime (weapon) {flame, rElec}
   (You found it on level 5 of the Dungeon)

   It has been specially enchanted to burn those struck by it, causing extra
   injury to most foes and up to half again as much damage against particularly
   susceptible opponents.
   Big, fiery blades are also staple armaments of hydra-hunters.
   It insulates you from electricity.
 T - a +2 demon trident of pain
Missiles
 i - 31 poisoned needles
 k - 2 throwing nets
 q - 59 tomahawks (quivered)
 S - 15 tomahawks of dispersal
Armour
 c - a +0 shield (worn)
 A - a +0 helmet (worn)
 Q - a +0 cloak of cold resistance (worn)
 U - a +0 pair of gloves (worn)
 V - the +4 leather armour "Koseuj Hipsu" (worn) {MR+ Str+3 Dex+3}
   (You bought it in a shop on level 11 of the Dungeon)

   It affects your strength (+3).
   It affects your dexterity (+3).
   It affects your resistance to hostile enchantments.
Jewellery
 b - an uncursed ring of wizardry
 g - a +3 ring of evasion (left hand)
 j - an uncursed ring of protection from cold {unknown}
 r - an uncursed ring of ice
 H - an uncursed ring of flight
 J - a ring of positive energy (right hand)
 O - an uncursed ring of sustain attributes
Wands
 a - a wand of lightning (7)
 l - a wand of disintegration (6)
 o - a wand of magic darts (14)
 u - a wand of frost (13)
 y - a wand of draining (10)
 B - a wand of slowing (14)
 C - a wand of slowing (19)
 D - a wand of magic darts (18)
 I - a wand of flame (15)
Scrolls
 d - 2 scrolls of amnesia
 f - 2 scrolls of immolation
 w - a scroll of remove curse
 M - a scroll of fog
 N - a scroll of teleportation
Potions
 m - a potion of curing
 n - a potion of beneficial mutation {unknown}
 x - 3 potions of cancellation
 F - 2 potions of haste
Books
 p - a book of Death

   Spells                             Type                      Level
   a - Corpse Rot                     Necromancy                   2
   b - Sublimation of Blood           Necromancy                   2
   c - Agony                          Necromancy                   5
   d - Dispel Undead                  Necromancy                   5
   e - Excruciating Wounds            Charms/Necromancy            5
   f - Bolt of Draining               Conjuration/Necromancy       5
Miscellaneous
 K - a lantern of shadows
Comestibles
 e - 7 bread rations
 E - a royal jelly


   Skills:
 + Level 8.1 Fighting
 * Level 11.1(11.3) Axes
   Level 3.8(8.2) Maces & Flails
 + Level 2.0 Throwing
 + Level 5.8 Armour
 + Level 7.7 Dodging
 - Level 2.2 Stealth
 + Level 7.7(7.6) Shields
 * Level 5.2 Spellcasting
 * Level 5.9 Necromancy
 + Level 6.0(5.9) Evocations


You had 6 spell levels left.
You knew the following spells:

 Your Spells              Type           Power        Failure   Level  Hunger
a - Pain                  Necr           ###.         8%          1    None
b - Vampiric Draining     Necr           ###.......   17%         3    ###....
c - Animate Dead          Necr           N/A          63%         4    ####...
d - Blink                 Tloc           N/A          90%         2    ##.....
e - Repel Missiles        Chrm/Air       #.....       90%         2    ##.....
f - Control Undead        Necr           ###.......   63%         4    ####...


Dungeon Overview and Level Annotations

Branches:
Dungeon (12/15)            Temple (1/1) D:4            Lair (0/8) D:11
    Orc (4/4) D:12            Elf (1/3) Orc:4

Altars:
Ashenzari
Cheibriados
Dithmenos
Elyvilon
Fedhas
Gozag
Kikubaaqudgha
Makhleb
Nemelex Xobeh
Okawaru
Ru
Sif Muna
Trog
Vehumet
Xom
Yredelemnul
Zin
The Shining One

Shops:
D:6 [   D:11 [

Portals:
Trove: D:10 (give +5 demon trident)

Annotations:
D:9 Pikel


Innate Abilities, Weirdness & Mutations

You have claws for feet.
You are mostly covered in iridescent scales (AC +6).
A demonic guardian rushes to your aid.
Your flesh is heat resistant.
You are agile. (Dex +2)
Your mind is acute. (Int +2)
Armour fits poorly on your strangely shaped body.
You occasionally shout uncontrollably at your foes.
You are sometimes teleported next to monsters.
You expend magic power (3 MP) to strengthen your wands.


Message History

You block the deep elf conjurer's attack.
You hit the deep elf conjurer but do no damage.
Your kick misses the deep elf conjurer.
The deep elf conjurer is almost dead.
The deep elf conjurer casts a spell at you.
The bolt of cold hits you! You resist.
* * * LOW HITPOINT WARNING * * *
You hit the deep elf conjurer. You burn the deep elf conjurer.
Your kick misses the deep elf conjurer.
The deep elf conjurer is almost dead.
You hear the stately crackle of a very distant magical portal.
The deep elf conjurer gestures at you while chanting.
The bolt of lightning hits you! You resist.
* * * LOW HITPOINT WARNING * * *
Drink which item? (? for menu, Esc to quit)
You feel better.
The deep elf conjurer casts a spell at you.
The bolt of cold hits you! You resist.
You die...
Kikubaaqudgha rasps: "You have failed me!
Welcome... death!"

###### #################
.....###........#.......
......#.................
<.......................
........................
........................
.................e......
....)....!.....(@)......
........................
..)))####......##.......
.)....##........#.......
........................
........................
........................
................$.......
.....................


You could see a deep elf conjurer.

Vanquished Creatures
  The ghost of leMango the Basher, a journeyman MiBe of Trog (Bailey)
  Fannar (Orc:2)
  The ghost of sugabear the Nimble, a journeyman GrGl of Kikubaaqudgha (D:11)
  A deep elf knight (Elf:1)
  The ghost of ces the Skirmisher, a novice DsBe of Trog (D:8)
  2 ice devils (IceCv)
  4 hill giants
  An orc knight (Bailey)
  A deep elf summoner (Elf:1)
  A wolf spider zombie (D:12)
  An ugly thing (D:11)
  A deep elf conjurer (Elf:1)
  3 ice statues
  4 blue devils (IceCv)
  6 trolls
  A spriggan (D:7)
  Sigmund (D:2)
  3 shadows
  A water elemental (D:12)
  A hungry ghost (D:10)
  A wraith (D:11)
  3 deep elf magi
  2 yaks (D:10)
  2 wargs
  2 wolves (D:8)
  21 orc warriors
  3 sky beasts
  2 black bears
  A necrophage (D:7)
  An ice beast (D:5)
  14 ogres
  A crocodile (D:12)
  3 centaurs
  3 big kobolds
  An elf zombie (Ossuary)
  4 giant frogs
  3 scorpions
  5 killer bees (D:11)
  7 wights
  3 crimson imps
  A giant frog zombie (D:11)
  3 hounds
  3 centaur zombies
  2 human zombies (Ossuary)
  5 iguanas
  23 orc priests
  2 centaur skeletons
  A gnoll shaman (D:6)
  A wasp zombie (D:7)
  Crazy Yiuf (D:7)
  A giant frog skeleton (D:12)
  2 jellies
  Jessica (D:2)
  29 orc wizards
  4 worker ants
  A hound zombie (Ossuary)
  3 mummies (Ossuary)
  A hound skeleton (D:8)
  2 worker ant zombies
  12 adders
  10 gnolls
  2 white imps (IceCv)
  4 shadow imps
  7 ufetubi (IceCv)
  An ooze (Sewer)
  3 adder zombies (Ossuary)
  5 worms
  4 giant geckos
  169 orcs
  11 giant cockroaches
  5 gnoll zombies (Ossuary)
  10 goblins
  9 hobgoblins
  5 jackals
  2 quokkas
  4 ball pythons
  10 bats
  4 giant newts
  3 hobgoblin zombies (Ossuary)
  A jackal skeleton (D:4)
  8 jackal zombies
  26 kobolds
  3 kobold zombies (Ossuary)
  2 orc zombies (Ossuary)
  3 quokka zombies (Ossuary)
  4 rats
  2 rat zombies (Ossuary)
  A fungus (D:7)
  2 plants (D:11)
536 creatures vanquished.

Vanquished Creatures (collateral kills)
  Rupert (D:12)
  Maud (Orc:2)
  The ghost of apoch the Basher, a journeyman DrBe of Trog (D:11)
  The ghost of leMango the Basher, a novice GrBe of Trog (Bailey)
  2 shadow demons (D:2)
  An ice devil (IceCv)
  2 orc knights
  A deep elf conjurer (Elf:1)
  An ugly thing (D:12)
  A komodo dragon (D:11)
  A gargoyle (D:11)
  2 blue devils (IceCv)
  Prince Ribbit (D:7)
  A trapdoor spider zombie (D:11)
  2 shadows
  4 yaks (D:10)
  Grum (D:8)
  2 wolves (D:8)
  4 orc warriors
  2 slaves (D:9)
  2 centaurs
  2 ogres (D:4)
  A wyvern zombie (D:8)
  An orc priest (Orc:1)
  2 centaur skeletons
  2 orc wizards
  A hound skeleton (D:4)
  2 gnolls (D:6)
  A shadow imp (D:8)
  A white imp (IceCv)
  An ufetubus (IceCv)
  2 worms (D:2)
  11 orcs
  A quokka (D:4)
  A plant (D:11)
63 creatures vanquished.

Vanquished Creatures (others)
  2 orc warriors (D:6)
  An elf zombie (Ossuary)
  A worker ant (D:6)
  An orc wizard (D:6)
  A worker ant zombie (D:5)
  A gnoll (D:6)
  2 white imps (IceCv)
  4 ufetubi (IceCv)
  A kobold zombie (Ossuary)
  A rat zombie (Ossuary)
15 creatures vanquished.

Grand Total: 614 creatures vanquished

Notes
Turn   | Place    | Note
--------------------------------------------------------------
     0 | D:1      | tinybubbles the Demonspawn Fighter began the quest for the Orb.
     0 | D:1      | Reached XP level 1. HP: 18/18 MP: 1/1
   279 | D:1      | Gained mutation: You are partially covered in iridescent scales (AC +4). [demonic ancestry]
   279 | D:1      | Reached XP level 2. HP: 21/24 MP: 2/2
   817 | D:2      | Reached skill level 1 in Dodging
   881 | D:2      | Reached XP level 3. HP: 14/29 MP: 3/3
  1218 | D:2      | Noticed Jessica
  1821 | D:2      | Gained mutation: You have sharp toenails. [demonic ancestry]
  1821 | D:2      | Reached XP level 4. HP: 6/35 MP: 4/4
  2107 | D:2      | Noticed Sigmund
  2187 | D:3      | Found a faded altar to an unknown god.
  2384 | D:4      | Noticed an ogre
  2427 | D:3      | Became a worshipper of Dithmenos the Shadowed
  2427 | D:3      | Reached * piety under Dithmenos
  2554 | D:4      | Found a glowing drain.
  2662 | Sewer    | Entered a sewer
  2805 | Sewer    | Noticed a big kobold
  2813 | Sewer    | Killed a big kobold
  2813 | Sewer    | Gained mutation: Your flesh is heat resistant. [demonic ancestry]
  2813 | Sewer    | Reached XP level 5. HP: 41/41 MP: 5/5
  2949 | Sewer    | Noticed a big kobold
  2963 | Sewer    | Killed a big kobold
  2963 | Sewer    | Reached skill level 4 in Shields
  3064 | D:4      | Gained mutation: A weak demonic guardian rushes to your aid. [demonic ancestry]
  3064 | D:4      | Reached XP level 6. HP: 44/47 MP: 6/6
  3085 | D:4      | Got a shimmering chain mail
  3096 | D:4      | Identified the +6 chain mail of Hedging {MR++ Int+4 Dex-3 Stlth+} (You found it on level 4 of the Dungeon)
  3345 | D:4      | Killed an ogre
  3345 | D:4      | Reached ** piety under Dithmenos
  3474 | D:4      | Fell from the grace of Dithmenos
  3625 | D:4      | Found a staircase to the Ecumenical Temple.
  3643 | D:4      | Reached XP level 7. HP: 44/53 MP: 7/7
  3656 | Temple   | Entered the Ecumenical Temple
  3693 | Temple   | Noticed a shadow
  3693 | Temple   | Noticed a shadow demon
  3693 | Temple   | Noticed a shadow demon
  3706 | Temple   | Noticed a ynoxinul
  3711 | Temple   | Noticed an ice devil
  3714 | Temple   | Became a worshipper of Kikubaaqudgha
  3777 | D:4      | HP: 2/53 [something (18)]
  3786 | D:4      | Killed a shadow
  4153 | D:3      | Reached skill level 1 in Throwing
  4424 | D:2      | Found a bloodstained altar of Trog.
  4424 | D:2      | Found a sparkling altar of Nemelex Xobeh.
  4605 | D:2      | Killed Jessica
  4605 | D:2      | Reached skill level 1 in Stealth
  4706 | D:2      | Killed Sigmund
  4802 | D:2      | Noticed a shadow demon
  4802 | D:2      | Noticed a shadow demon
  4802 | D:2      | Noticed a shadow
  4805 | D:2      | Noticed an orange demon
  4967 | D:2      | Killed a shadow
  5030 | D:2      | Noticed a six-headed hydra
  5706 | D:5      | Entered Level 5 of the Dungeon
  5808 | D:5      | Reached * piety under Kikubaaqudgha
  5808 | D:5      | Received a gift from Kikubaaqudgha
  5811 | D:5      | Identified Kikubaaqudgha's Reference Book on Stolen Souls (Kikubaaqudgha gifted it to you on level 5 of the Dungeon)
  5937 | D:5      | Got an ebony broad axe
  5969 | D:5      | Identified the +10 broad axe of Slime {flame, rElec} (You found it on level 5 of the Dungeon)
  6055 | D:5      | Found a sand-covered staircase.
  6095 | Ossuary  | Entered an ossuary
  6131 | Ossuary  | Reached skill level 5 in Shields
  6131 | Ossuary  | Reached XP level 8. HP: 57/60 MP: 8/8
  6136 | Ossuary  | Reached skill level 1 in Axes
  6281 | Ossuary  | Reached skill level 5 in Dodging
  6352 | Ossuary  | Noticed a five-headed hydra
  6453 | D:5      | Learned a level 1 spell: Pain
  6464 | D:5      | Learned a level 3 spell: Vampiric Draining
  6835 | D:6      | Found a burning altar of Makhleb.
  7058 | D:4      | Noticed a shadow demon
  7058 | D:4      | Noticed a shadow demon
  7061 | D:4      | Banished a shadow demon
  7062 | D:4      | Noticed a sun demon
  7071 | D:4      | Noticed a soul eater
  7145 | D:5      | Gained mutation: Your magical capacity is low (-10% MP). [mutagenic meat]
  7146 | D:5      | Gained mutation: You can translocate small distances at will. [mutagenic meat]
  7180 | D:6      | Found Kat Raudd's Antique Armour Shoppe.
  7200 | D:6      | Bought a runed ring mail for 104 gold pieces
  7362 | D:6      | Gained mutation: A demonic guardian rushes to your aid. [demonic ancestry]
  7362 | D:6      | Reached XP level 9. HP: 53/66 MP: 8/8
  7417 | D:6      | Gained mutation: You are occasionally teleported next to monsters. [mutagenic glow]
  7466 | D:6      | Gained mutation: You are clumsy. (Dex -2) [mutagenic glow]
  7516 | D:6      | Gained mutation: You are sometimes teleported next to monsters. [mutagenic glow]
  7722 | D:7      | Noticed Prince Ribbit
  7728 | D:7      | Killed Prince Ribbit
  7728 | D:7      | Reached skill level 5 in Fighting
  7870 | D:7      | Reached skill level 1 in Evocations
  7906 | D:7      | Reached skill level 5 in Axes
  7972 | D:7      | Noticed a red ugly thing
  8211 | D:7      | Reached skill level 6 in Shields
  8214 | D:7      | Reached ** piety under Kikubaaqudgha
  8776 | D:2      | Gained mutation: You are frail (-10% HP). [a neqoxec]
  8777 | D:2      | Killed a shadow demon
  8777 | D:2      | Gained mutation: You tend to lose your temper in combat. [a neqoxec]
  8813 | D:2      | Noticed a shadow demon
  8813 | D:2      | Noticed a shadow demon
  8815 | D:2      | Killed a shadow demon
  8823 | D:2      | Noticed an ice devil
  8823 | D:2      | Noticed an ice devil
  8902 | D:4      | Was forgiven by Dithmenos
  9171 | D:7      | Noticed Crazy Yiuf
  9177 | D:7      | Killed Crazy Yiuf
  9341 | D:8      | Lost mutation: You tend to lose your temper in combat. [potion of cure mutation]
  9341 | D:8      | Lost mutation: Your magical capacity is low (-10% MP). [potion of cure mutation]
  9341 | D:8      | Lost mutation: You are frail (-10% HP). [potion of cure mutation]
  9341 | D:8      | Lost mutation: You can translocate small distances at will. [potion of cure mutation]
  9341 | D:8      | Lost mutation: You are clumsy. (Dex -2) [potion of cure mutation]
  9382 | D:8      | Noticed ces's ghost (novice DsBe)
  9388 | D:8      | Noticed Grum
  9402 | D:8      | Gained mutation: You are mostly covered in iridescent scales (AC +6). [demonic ancestry]
  9402 | D:8      | Reached XP level 10. HP: 17/74 MP: 11/11
  9419 | D:8      | Found a deep blue altar of Sif Muna.
  9425 | D:8      | Killed Grum
  9436 | D:8      | Killed ces's ghost
  9436 | D:8      | Reached skill level 5 in Armour
 10054 | D:9      | Noticed Pikel
 10072 | D:10     | Entered Level 10 of the Dungeon
 10138 | D:10     | Reached *** piety under Kikubaaqudgha
 10138 | D:10     | Received a gift from Kikubaaqudgha
 10151 | D:10     | Identified Kikubaaqudgha's Compendium of Evil (Kikubaaqudgha gifted it to you on level 10 of the Dungeon)
 10158 | D:10     | Learned a level 4 spell: Animate Dead
 10175 | D:10     | Reached skill level 7 in Axes
 10201 | D:10     | Noticed a hill giant
 10207 | D:10     | Killed a hill giant
 10341 | D:10     | Reached skill level 1 in Spellcasting
 10368 | D:10     | Reached skill level 1 in Necromancy
 10853 | D:10     | Found a portal to a secret trove of treasure.
 10964 | D:11     | Noticed apoch's ghost (journeyman DrBe)
 10965 | D:11     | Noticed a hill giant
 10973 | D:11     | Killed a hill giant
 10973 | D:11     | Reached skill level 8 in Axes
 10973 | D:11     | Gained mutation: You have razor-sharp toenails. [demonic ancestry]
 10973 | D:11     | Reached XP level 11. HP: 73/81 MP: 14/14
 10974 | D:11     | Killed apoch's ghost
 11016 | D:11     | Noticed a hill giant
 11022 | D:11     | Killed a hill giant
 11038 | D:11     | Noticed a hill giant
 11046 | D:11     | Killed a hill giant
 11064 | D:11     | Noticed sugabear's ghost (journeyman GrGl)
 11084 | D:11     | Killed sugabear's ghost
 11091 | D:11     | Found Waimafamm's Antique Armour Shop.
 11102 | D:11     | Bought a spiked cloak for 266 gold pieces
 11112 | D:11     | Identified the +0 cloak "Owano" {rN+} (You bought it in a shop on level 11 of the Dungeon)
 11128 | D:11     | Found a frozen archway.
 11135 | IceCv    | Entered an ice cave
 11169 | IceCv    | Noticed an ice devil
 11175 | IceCv    | Killed an ice devil
 11221 | IceCv    | Reached **** piety under Kikubaaqudgha
 11576 | IceCv    | Noticed an ice devil
 11576 | IceCv    | Noticed an ice devil
 11587 | IceCv    | Killed an ice devil
 11587 | IceCv    | Reached skill level 9 in Axes
 11590 | IceCv    | Killed an ice devil
 12027 | D:11     | Bought a pitted leather armour for 196 gold pieces
 12048 | D:11     | Identified the +4 leather armour "Koseuj Hipsu" {MR+ Str+3 Dex+3} (You bought it in a shop on level 11 of the Dungeon)
 12093 | D:11     | Learned a level 2 spell: Blink
 12096 | D:11     | Learned a level 2 spell: Repel Missiles
 12101 | D:11     | Learned a level 4 spell: Control Undead
 12104 | D:11     | Reached skill level 5 in Evocations
 12379 | D:11     | Found a staircase to the Lair.
 12502 | D:11     | Found a shimmering altar of Xom.
 12509 | D:11     | Noticed a purple ugly thing
 12522 | D:11     | Killed a purple ugly thing
 12527 | D:11     | Gained mutation: You expend magic power (3 MP) to strengthen your wands. [mutagenic meat]
 12528 | D:11     | Gained mutation: You occasionally shout uncontrollably at your foes. [mutagenic meat]
 12758 | D:11     | Gained mutation: Your mind is acute. (Int +2) [mutagenic meat]
 12761 | D:11     | Gained mutation: Armour fits poorly on your strangely shaped body. [mutagenic meat]
 12762 | D:11     | Gained mutation: You are clumsy. (Dex -2) [mutagenic meat]
 12891 | D:12     | Reached XP level 12. HP: 65/91 MP: 18/18
 12938 | D:12     | Got an ichor-stained dire flail
 12944 | D:12     | Identified the cursed +1 dire flail "Zyifi" {crush, rElec rC+ MR+ Dex+2} (You found it on level 12 of the Dungeon)
 13037 | D:12     | Found a staircase to the Orcish Mines.
 13049 | D:12     | Reached ***** piety under Kikubaaqudgha
 13262 | D:12     | Got a crystal morningstar
 13263 | D:12     | Identified the cursed +2 morningstar of the Warrior {flame, rC+ Dex+3} (You found it on level 12 of the Dungeon)
 13345 | D:12     | Lost mutation: You are clumsy. (Dex -2) [mutagenic meat]
 13346 | D:12     | Gained mutation: You have claws for feet. [mutagenic meat]
 13347 | D:12     | Gained mutation: You are agile. (Dex +2) [mutagenic meat]
 13394 | D:12     | Noticed Rupert
 13400 | D:12     | Killed Rupert
 13400 | D:12     | Reached skill level 10 in Axes
 14057 | Orc:1    | Entered Level 1 of the Orcish Mines
 15093 | Orc:3    | Found a flagged portal.
 15103 | Bailey   | Entered a bailey
 15110 | Bailey   | Noticed leMango's ghost (novice GrBe)
 15143 | Bailey   | Noticed leMango's ghost (journeyman MiBe)
 15232 | Bailey   | Killed leMango's ghost
 15232 | Bailey   | Reached skill level 5 in Necromancy
 15287 | Bailey   | Killed leMango's ghost
 16157 | Orc:3    | Reached ****** piety under Kikubaaqudgha
 16336 | Orc:4    | Entered Level 4 of the Orcish Mines
 16355 | Orc:2    | Noticed Fannar
 16355 | Orc:2    | Noticed Maud
 16368 | Orc:2    | Killed Fannar
 16368 | Orc:2    | Reached skill level 5 in Spellcasting
 16374 | Orc:2    | Killed Maud
 16374 | Orc:2    | Reached skill level 11 in Axes
 17045 | Orc:4    | Found a staircase to the Elven Halls.
 17055 | Elf:1    | Entered Level 1 of the Elven Halls
 17090 | Elf:1    | Noticed a deep elf death mage
 17101 | Elf:1    | Reached XP level 13. HP: 25/98 MP: 20/20
 17104 | Elf:1    | Killed from afar by a deep elf conjurer

Action                   |  1- 3 |  4- 6 |  7- 9 | 10-12 | 13-15 || total
-------------------------+-------+-------+-------+-------+-------++-------
Melee: Flail             |    21 |   106 |       |       |       ||   127
       Whip              |   321 |   204 |   194 |       |       ||   719
       War axe           |       |       |   175 |       |       ||   175
       Broad axe         |       |       |   130 |   610 |     2 ||   742
 Fire: Blowgun           |       |    11 |       |     9 |       ||    20
Throw: Tomahawk          |       |       |    18 |     8 |       ||    26
Invok: Renounce Religion |       |     1 |       |       |       ||     1
Evoke: Wand              |       |       |     1 |    14 |       ||    15
  Use: Scroll            |     4 |     3 |    14 |    11 |       ||    32
       Potion            |     3 |     2 |    10 |    12 |     1 ||    28
 Stab: Distracted        |       |     2 |     2 |       |       ||     4
       Sleeping          |       |       |     3 |     6 |       ||     9
  Eat: Chunk             |     1 |     5 |     7 |    21 |       ||    34
       Bread ration      |     1 |       |     1 |     2 |       ||     4
       Meat ration       |       |       |     2 |     1 |       ||     3
       Royal jelly       |       |       |       |     1 |       ||     1
       Beef jerky        |       |       |       |     1 |       ||     1
       Pizza             |       |       |       |     1 |       ||     1
